 Dungeon Crawl Stone Soup version 0.22-a0-565-gfc6459a (webtiles) character file.

125017 Gospel the Devastator (level 16, -1/79 HPs)
             Began as a Gargoyle Fire Elementalist on June 28, 2018.
             Was a High Priest of the Shining One.
             Shot with an arrow by a deep elf master archer (21 damage)
             ... on level 3 of the Elven Halls on June 29, 2018.
             The game lasted 01:53:36 (38614 turns).

Gospel the Devastator (Gargoyle Fire Elementalist) Turns: 38614, Time: 01:53:37

Health: -1/79      AC: 28    Str: 11    XL:     16   Next: 94%
Magic:  9/42       EV: 16    Int: 26    God:    the Shining One [*****.]
Gold:   1006       SH:  0    Dex: 10    Spells: 8/41 levels left

rFire    + + .     SeeInvis .   Z - +6 falchion "Deadixuo" {slice, Int+2 Dex+4}
rCold    . . .     Gourm    .   (no shield)
rNeg     + + +     Faith    .   P - +2 robe {MR+}
rPois    ∞         Spirit   .   w - +2 helmet
rElec    +         Reflect  .   b - +2 cloak
rCorr    .         Harm     .   q - +2 pair of gloves
MR       +++++                  Y - +2 pair of boots
Stlth    +.........             v - amulet of regeneration
HPRegen  0.63/turn              y - ring "Sekis" {rF+ rC+ MP+9}
MPRegen  0.28/turn              Q - ring "Ylemig" {Fire rPois MR+++ Dex-4}

@: flying, glowing
A: big wings, frail 1, negative energy resistance 1, electricity resistance,
unbreathing, petrification resistance, rot immunity, AC +12
a: Stop Flying, Divine Shield, Cleansing Flame, Summon Divine Warrior, Renounce
Religion


You were on level 3 of the Elven Halls.
You worshipped the Shining One.
The Shining One was extremely pleased with you.
You were hungry.

You visited 6 branches of the dungeon, and saw 23 of its levels.

You collected 2325 gold pieces.
You spent 1319 gold pieces at shops.

Inventory:

Hand Weapons
 a - the +3 mace "Goblinbane" {elec, rC+}
   (You bought it in a shop on level 1 of the Orcish Mines)

   Occasionally, upon striking a foe, it will discharge some electrical energy
   and cause terrible harm.
   It protects you from cold.
 g - a +0 lajatang of electrocution
 N - a +7 hand axe
 Z - the +6 falchion "Deadixuo" (weapon) {slice, Int+2 Dex+4}
   (You bought it in a shop on level 1 of the Orcish Mines)

   It inflicts extra damage upon your enemies.
   It affects your intelligence (+2).
   It affects your dexterity (+4).
Armour
 b - a +2 cloak (worn)
 q - a +2 pair of gloves (worn)
 w - a +2 helmet (worn)
 P - a +2 robe of magic resistance (worn)
 Y - a +2 pair of boots (worn)
Magical Staves
 u - an uncursed staff of energy
Jewellery
 i - an uncursed ring of ice
 k - an uncursed ring of fire
 v - an amulet of regeneration (around neck)
 y - the ring "Sekis" (left hand) {rF+ rC+ MP+9}
   (You acquired it on level 1 of the Lair of Beasts)

   [ring of protection from cold]

   It protects you from fire.
   It protects you from cold.
   It affects your magic capacity (+9).
 B - an uncursed ring of stealth
 F - an uncursed ring of protection from magic
 O - a +2 ring of protection {unknown}
 Q - the ring "Ylemig" (right hand) {Fire rPois MR+++ Dex-4}
   (You took it off a centaur on level 11 of the Dungeon)

   [ring of fire]

   It enhances your fire magic.
   It affects your dexterity (-4).
   It protects you from fire.
   It makes you vulnerable to cold.
   It protects you from poison.
   It affects your resistance to hostile enchantments.
 W - an uncursed ring of magical power {unknown}
Wands
 h - a wand of paralysis (10)
 C - a wand of polymorph (7)
Scrolls
 o - 3 scrolls of amnesia
 p - 11 scrolls of teleportation
 x - 3 scrolls of fog
 z - 4 scrolls of remove curse
 A - a scroll of fear
 E - 5 scrolls of magic mapping
 G - 2 scrolls of holy word {unknown}
 J - a scroll of identify
 K - 2 scrolls of random uselessness {unknown}
 L - a scroll of summoning {unknown}
 R - 6 scrolls of enchant weapon
 X - a scroll of blinking
Potions
 d - 3 potions of invisibility {unknown}
 e - 4 potions of brilliance {unknown}
 f - 3 potions of degeneration {unknown}
 j - 3 potions of magic {unknown}
 l - 4 potions of curing
 m - 3 potions of flight {unknown}
 n - 2 potions of lignification {unknown}
 r - 5 potions of might {unknown}
 s - 2 potions of agility
 t - 4 potions of ambrosia {unknown}
 D - 2 potions of resistance
 H - 2 potions of haste {unknown}
 I - 2 potions of heal wounds
 M - 2 potions of cancellation {unknown}
 U - 2 potions of mutation {unknown}
Miscellaneous
 T - a phantom mirror
Comestibles
 c - 30 rations


   Skills:
 - Level 6.0 Fighting
 - Level 9.3 Dodging
 - Level 2.1 Stealth
 - Level 13.1 Spellcasting
 - Level 17.2 Conjurations
 - Level 4.6 Hexes
 + Level 14.0 Fire Magic
 + Level 9.0 Invocations


You had 8 spell levels left.
You knew the following spells:

 Your Spells              Type           Power        Failure   Level  Hunger
a - Flame Tongue          Conj/Fire      #####        0%          1    None
b - Throw Flame           Conj/Fire      ######       0%          2    None
c - Conjure Flame         Conj/Fire      #######.     0%          3    None
d - Sticky Flame          Conj/Fire      #######.     1%          4    None
e - Fireball              Conj/Fire      #######...   1%          5    ##.....
f - Inner Flame           Hex/Fire       #######.     1%          3    None
g - Dazzling Spray        Conj/Hex       ######       1%          3    None
h - Fulminant Prism       Conj/Hex       ######....   1%          4    None
i - Ignition              Fire           #######...   56%         8    #######

Your spell library contained the following spells:

 Spells                   Type           Power        Failure   Level  Hunger
 Magic Dart               Conj           ####         0%          1    None
 Apportation              Tloc           ###...       3%          1    None
 Bolt of Fire             Conj/Fire      #######...   1%          6    #####..
 Lightning Bolt           Conj/Air       ######....   2%          5    ##.....
 Invisibility             Hex            #####...     58%         6    #####..
 Mephitic Cloud           Conj/Pois/Air  #####...     1%          3    None
 Ring of Flames           Chrm/Fire      ######....   85%         7    ######.
 Venom Bolt               Conj/Pois      ######....   2%          5    ##.....
 Olgreb's Toxic Radiance  Pois           ###.....     32%         4    None
 Bolt of Draining         Conj/Necr      ######....   2%          5    ##.....
 Iskenderun's Mystic Bla  Conj           #######.     1%          4    None
 Animate Dead             Necr           N/A          32%         4    None
 Pain                     Necr           ###.         3%          1    None
 Animate Skeleton         Necr           N/A          3%          1    None
 Sting                    Conj/Pois      ####         1%          1    None
 Tukima's Dance           Hex            #####...     1%          3    None
 Shock                    Conj/Air       ####         1%          1    None
 Swiftness                Chrm/Air       ###.....     4%          2    None
 Passwall                 Tmut/Erth      ###.....     4%          2    None
 Ignite Poison            Fire/Tmut/Pois ######..     1%          3    None
 Summon Butterflies       Summ           ###.....     3%          1    None
 Static Discharge         Conj/Air       ######..     1%          3    None
 Alistair's Intoxication  Tmut/Pois      ###.....     67%         5    ##.....
 Lee's Rapid Deconstruct  Erth           ###.......   67%         5    ##.....
 Passage of Golubria      Tloc           N/A          32%         4    None
 Darkness                 Hex            #####.....   58%         6    #####..
 Force Lance              Conj/Tloc      ######..     1%          4    None
 Searing Ray              Conj           ######       0%          2    None
 Lesser Beckoning         Tloc           ###.......   10%         3    None
 Poisonous Vapours        Pois/Air       ###...       4%          2    None
 Borgnjor's Vile Clutch   Necr/Erth      ###.......   67%         5    ##.....


Dungeon Overview and Level Annotations

Branches:
Dungeon (15/15)            Temple (1/1) D:6            Lair (1/6) D:9
    Orc (2/2) D:12            Elf (3/3) Orc:2        Vaults (0/5) D:13
 Depths (1/5) D:15

Altars:
Ashenzari
Cheibriados
Dithmenos
Elyvilon
Fedhas
Gozag
Hepliaklqana
Kikubaaqudgha
Makhleb
Nemelex Xobeh
Okawaru
Qazlal
Ru
Sif Muna
Trog
Uskayaw
Vehumet
Wu Jian
Xom
Yredelemnul
Zin
The Shining One
Beogh

Shops:
D:5 *   D:6 ?   D:13 =   Orc:1 *([[[   Orc:2 *(:[   Elf:1 *   Elf:2 [

Portals:
Trove: D:10 (give 5 potions of resistance)

Annotations:
Elf:2 4 runed doors, Otaeps's ghost, veteran MiGl
Elf:3 6 runed doors


Innate Abilities, Weirdness & Mutations

You are resistant to torment.
Your stone body is resilient. (AC +12)
You are immune to poison.
Your large and strong wings let you fly indefinitely.
You resist negative energy. (rN+)
You are resistant to electric shocks. (rElec)
You can survive without breathing.
You are immune to petrification.
You are immune to rotting.
You are frail. (-10% HP)


Message History

The deep elf master archer is almost dead.
You are feeling hungry.
The deep elf master archer shoots an arrow.
The arrow hits you!!
* * * LOW HITPOINT WARNING * * *
Casting: Fireball (safe; 1% risk of failure)
Confirm with . or Enter, or press ? or * to list all spells.
Aiming: Fireball (safe; 1% risk of failure)
Press: ? - help, Shift-Dir - straight line, f/p - deep elf master archer
Aim: a deep elf master archer, wielding a longbow and wearing scorched gold dragon scales (almost dead, haloed)
You feel a surge of power!
The fireball explodes!
The fireball engulfs the deep elf master archer.
The deep elf master archer resists.
The deep elf master archer is almost dead.
You hear a distant "Zot"!
The deep elf master archer shoots an arrow.
The arrow closely misses you.
The deep elf master archer shoots an arrow.
The arrow hits you!!
You die...

.....................###.....#
#####..#.#.#.........# ##.).##
#......###........### ##..#
#.##..#.#.##.#..### #.###
#.##..##.###.#.## #...#
##.##..######.#.# ###.#
..............#'## #.#
##.###########..(## ####.####
#...# #...@.# ##........
###..# #.......## #.......#.
#...# #........)####...#.#.#.
.... +.....e...'........#.#.
.## #.........####.).#.#.#. ##
##.......## #..##.#.#.
##.....## #..##.#.#. ###
##...## #......... #.. ##+#
#.......##


You could see a deep elf master archer.

Vanquished Creatures
  Agnes (D:14)
  Gastronok (Lair:1)
  Frances (D:13)
  Louise (Elf:3)
  3 orc warlords
  2 deep elf elementalists (Elf:3)
  2 very ugly things (D:15)
  A deep elf demonologist (Elf:3)
  A deep elf death mage (Elf:2)
  Snorg (Orc:1)
  Josephine (Orc:1)
  Fannar (Orc:1)
  4 vault guards
  An ogre mage (D:15)
  6 centaur warriors
  A death knight (D:15)
  9 dancing weapons
  4 tengu warriors
  11 two-headed ogres
  2 death yaks (D:9)
  9 orc high priests
  Urug (D:14)
  7 deep elf knights
  The ghost of Marixus the Cleaver, a novice DsFi of Makhleb (D:8)
  Nergalle (Orc:1)
  A skeletal warrior (D:15)
  A wizard (D:15)
  A deep troll (D:15)
  9 deep elf archers
  A phantasmal warrior (D:15)
  8 orc knights
  Pikel (D:9)
  A manticore (D:11)
  An ugly thing (D:11)
  9 orc sorcerers
  A cyclops (Orc:2)
  49 deep elf magi
  Joseph (D:9)
  A guardian serpent (shapeshifter) (D:14)
  Psyche (D:9)
  3 gargoyles
  2 centaur skeletons
  3 komodo dragons
  3 kobold demonologists (D:15)
  A rime drake (Lair:1)
  A freezing wraith (D:15)
  A tengu conjurer (D:15)
  A guardian mummy (D:10)
  11 trolls
  2 hornets (D:11)
  A hornet (shapeshifter) (D:15)
  Prince Ribbit (D:7)
  Grinder (D:4)
  6 slime creatures (D:13)
  An air elemental (Elf:3)
  8 wraiths
  5 water elementals
  8 hippogriffs
  A wyvern (D:9)
  A vampire (D:15)
  A shadow (D:13)
  2 fire elementals
  19 yaks
  A basilisk (Lair:1)
  A vampire mosquito (D:11)
  6 wargs
  2 acid dragons (D:11)
  3 water moccasins
  A soldier ant (D:11)
  3 porcupines (Lair:1)
  51 orc warriors
  5 ice beasts
  3 sky beasts
  3 slaves (D:9)
  2 black bears (D:13)
  An eye of draining (D:11)
  7 phantoms
  18 ogres
  11 wolves (Lair:1)
  10 centaurs
  A crocodile (Lair:1)
  An elf zombie (Elf:1)
  6 big kobolds
  14 bullfrogs
  4 earth elementals
  2 gnoll sergeants (D:12)
  A water moccasin zombie (D:8)
  2 wyvern skeletons
  3 scorpions
  6 killer bees
  5 wights (D:10)
  8 howler monkeys
  An electric eel (Orc:1)
  3 centaur zombies
  3 crimson imps
  A quasit (D:11)
  4 bullfrog zombies
  3 jellies
  7 hounds
  18 orc priests
  3 bullfrog skeletons
  3 iguanas
  24 orc wizards
  13 worker ants
  4 hound skeletons
  A killer bee simulacrum (D:8)
  A worker ant zombie (D:11)
  8 gnolls
  15 adders
  A river rat (D:9)
  2 shadow imps
  An adder zombie (D:8)
  5 adder skeletons
  A worm (D:11)
  A dart slug (D:1)
  9 leopard geckos
  79 orcs
  A ball python (D:1)
  6 bats
  4 giant cockroaches
  10 goblins
  8 hobgoblins
  14 jackals
  10 quokkas
  A ball python skeleton (D:4)
  3 frilled lizards (D:1)
  23 kobolds
  A leopard gecko zombie (D:6)
  6 rats
  A spectral quokka (D:8)
  A crawling corpse (Elf:1)
  A fungus (Orc:2)
724 creatures vanquished.

Vanquished Creatures (collateral kills)
  An orc warlord (Orc:1)
  A deep elf demonologist (Elf:3)
  A deep elf annihilator (Elf:1)
  A deep elf death mage (Elf:1)
  2 dancing weapons (Elf:1)
  A deep elf knight (Elf:1)
  2 deep elf magi (Elf:1)
  2 elf zombies (Elf:1)
  A crawling corpse (Elf:1)
12 creatures vanquished.

Vanquished Creatures (others)
  41 fulminant prisms
  2 fungi (Orc:2)
43 creatures vanquished.

Grand Total: 779 creatures vanquished

Notes
Turn   | Place    | Note
-------+----------+-------------------------------------------
     0 | D:1      | Gospel the Gargoyle Fire Elementalist began the quest for the Orb.
     0 | D:1      | Reached XP level 1. HP: 10/10 MP: 3/3
   417 | D:1      | Reached XP level 2. HP: 15/15 MP: 1/5
  1141 | D:1      | Reached skill level 2 in Conjurations
  1141 | D:1      | Reached XP level 3. HP: 16/19 MP: 2/6
  1527 | D:1      | Reached XP level 4. HP: 13/24 MP: 0/8
  1662 | D:1      | Learned a level 2 spell: Throw Flame
  1666 | D:1      | Learned a level 3 spell: Conjure Flame
  1946 | D:2      | Reached XP level 5. HP: 28/28 MP: 7/9
  2038 | D:2      | Reached skill level 3 in Conjurations
  2478 | D:3      | Noticed an ice beast
  2485 | D:3      | Killed an ice beast
  2485 | D:3      | Reached XP level 6. HP: 32/32 MP: 5/11
  2625 | D:3      | Found a deep blue altar of Sif Muna.
  3046 | D:4      | Noticed Grinder
  3066 | D:4      | Got a smoking war axe
  3087 | D:4      | Identified the +8 war axe of the Mosquito {drain, *Rage +Fly MR+++ Dex-5 Stlth+} (You found it on level 4 of the Dungeon)
  3369 | D:4      | Reached skill level 1 in Fighting
  3467 | D:4      | Reached skill level 4 in Conjurations
  3511 | D:4      | Reached XP level 7. HP: 37/38 MP: 9/13
  3751 | D:4      | Reached skill level 5 in Spellcasting
  4186 | D:4      | Killed Grinder
  4186 | D:4      | Reached skill level 5 in Fire Magic
  4186 | D:4      | Reached XP level 8. HP: 45/45 MP: 2/16
  4488 | D:5      | Entered Level 5 of the Dungeon
  4765 | D:5      | Found Dyschey's Assorted Antiques.
  4768 | D:5      | Bought a scroll labeled ASEOKHL CAXOIST for 27 gold pieces
  4768 | D:5      | Bought a scroll labeled HAQUXZ FOJIGGISSYN for 27 gold pieces
  4768 | D:5      | Bought a scroll labeled HEGOIN MENANT for 27 gold pieces
  4985 | D:5      | Reached skill level 5 in Conjurations
  5179 | D:5      | Found a blossoming altar of Fedhas.
  5184 | D:5      | Found a hazy altar of Hepliaklqana.
  5189 | D:5      | Found a glowing silver altar of Zin.
  5449 | D:6      | Found Tuoraud's Magic Scroll Emporium.
  5462 | D:6      | Bought a scroll of blinking for 82 gold pieces
  5462 | D:6      | Bought a scroll of identify for 22 gold pieces
  5771 | D:6      | Found a staircase to the Ecumenical Temple.
  5806 | Temple   | Entered the Ecumenical Temple
  5963 | Temple   | Became a worshipper of the Shining One
  6509 | D:6      | Learned a level 4 spell: Sticky Flame
  6515 | D:6      | Learned a level 5 spell: Fireball
  6732 | D:7      | Reached XP level 9. HP: 45/52 MP: 6/19
  7200 | D:7      | Reached * piety under the Shining One
  7206 | D:7      | Reached skill level 6 in Conjurations
  7289 | D:7      | Reached skill level 5 in Fighting
  7451 | D:7      | Noticed Prince Ribbit
  7464 | D:7      | Killed Prince Ribbit
  8215 | D:8      | Reached skill level 7 in Conjurations
  8913 | D:8      | Found a runed gate.
  8913 | D:8      | Found a runed gate.
  8913 | D:8      | Found a runed gate.
  9116 | D:8      | Reached ** piety under the Shining One
  9116 | D:8      | Noticed Marixus's ghost (novice DsFi)
  9140 | D:8      | Killed Marixus's ghost
  9140 | D:8      | Reached skill level 8 in Conjurations
  9140 | D:8      | Reached XP level 10. HP: 60/60 MP: 4/20
  9566 | D:9      | Noticed a death yak
  9567 | D:9      | Found a staircase to the Lair.
  9602 | D:9      | Killed a death yak
  9759 | D:9      | Noticed a death yak
  9760 | D:9      | Noticed a death yak
  9776 | D:9      | Killed a death yak
  9776 | D:9      | Reached skill level 9 in Conjurations
 10068 | D:10     | Entered Level 10 of the Dungeon
 10986 | D:10     | Reached *** piety under the Shining One
 11032 | D:10     | Reached XP level 11. HP: 62/64 MP: 0/21
 11527 | D:10     | Reached skill level 10 in Conjurations
 11598 | D:10     | Noticed a two-headed ogre
 11850 | D:10     | Found a portal to a secret trove of treasure.
 12012 | D:10     | Killed a two-headed ogre
 12012 | D:10     | Reached skill level 10 in Fire Magic
 12267 | D:11     | Noticed a two-headed ogre
 12810 | D:11     | Reached skill level 5 in Dodging
 12897 | D:11     | Noticed a centaur warrior
 12927 | D:11     | Killed a centaur warrior
 12927 | D:11     | Reached skill level 11 in Conjurations
 13169 | D:11     | Noticed a two-headed ogre
 13177 | D:11     | Killed a two-headed ogre
 13346 | D:11     | Noticed a two-headed ogre
 13352 | D:11     | Killed a two-headed ogre
 13637 | D:11     | Noticed a white ugly thing
 13835 | D:10     | Learned a level 3 spell: Inner Flame
 14203 | D:11     | Reached XP level 12. HP: 70/70 MP: 11/22
 14248 | D:11     | Reached skill level 12 in Conjurations
 14398 | D:11     | Reached **** piety under the Shining One
 14698 | D:11     | Got a bound iron ring
 14941 | D:11     | Reached skill level 1 in Invocations
 15752 | D:11     | Learned a level 3 spell: Dazzling Spray
 15757 | D:11     | Learned a level 4 spell: Fulminant Prism
 15920 | D:11     | Identified the Compendium of Confrontation and Heat
 15986 | D:11     | Killed a two-headed ogre
 16118 | D:11     | Reached skill level 1 in Hexes
 16702 | D:12     | Found a staircase to the Orcish Mines.
 17112 | D:12     | Reached skill level 13 in Conjurations
 17180 | D:12     | Found a glowing golden altar of the Shining One.
 17594 | D:12     | Identified the ring "Ylemig" {Fire rPois MR+++ Dex-4} (You took it off a centaur on level 11 of the Dungeon)
 17653 | D:13     | Noticed Frances
 17663 | D:13     | Killed Frances
 17765 | D:13     | Noticed a centaur warrior
 17768 | D:13     | Killed a centaur warrior
 17855 | D:13     | Noticed a vault guard
 17855 | D:13     | Noticed a vault guard
 17860 | D:13     | Noticed a vault guard
 17901 | D:13     | Killed a vault guard
 18064 | D:12     | Killed a vault guard
 18064 | D:12     | Reached XP level 13. HP: 74/74 MP: 15/24
 18112 | D:13     | Killed a vault guard
 18584 | D:13     | Found a gate to the Vaults.
 18931 | D:13     | Found Guysump's Jewellery Boutique.
 19337 | D:13     | Reached skill level 14 in Conjurations
 19338 | D:13     | Noticed a vault guard
 19516 | Orc:1    | Entered Level 1 of the Orcish Mines
 19516 | Orc:1    | Found Kegecixzyf's Antique Armour Boutique.
 19542 | Orc:1    | Bought a pair of runed boots for 127 gold pieces
 19547 | Orc:1    | Reached skill level 5 in Invocations
 19556 | Orc:1    | Noticed Snorg
 19690 | Orc:1    | Killed Snorg
 19695 | Orc:1    | Noticed Nergalle
 19832 | Orc:1    | Killed Nergalle
 20614 | Orc:1    | Found Fycyd's Antique Armour Emporium.
 20796 | Orc:1    | Found Ticw's Armour Shop.
 20800 | Orc:1    | Found Norchas's Assorted Antiques.
 20804 | Orc:1    | Found Caneumuk's Antique Weapon Shoppe.
 20822 | Orc:1    | Bought a polished mace for 280 gold pieces
 20859 | Orc:1    | Bought a translucent falchion for 184 gold pieces
 20868 | Orc:1    | Noticed Fannar
 20870 | Orc:1    | Reached ***** piety under the Shining One
 20871 | Orc:1    | Killed Fannar
 20871 | Orc:1    | Noticed Josephine
 20874 | Orc:1    | Killed Josephine
 20994 | Orc:1    | Identified the +3 mace "Goblinbane" {elec, rC+} (You bought it in a shop on level 1 of the Orcish Mines)
 20995 | Orc:1    | Identified the +6 falchion "Deadixuo" {slice, Int+2 Dex+4} (You bought it in a shop on level 1 of the Orcish Mines)
 21184 | Orc:2    | Entered Level 2 of the Orcish Mines
 21475 | Orc:2    | Gained mutation: Your large and strong wings let you fly indefinitely. [Gargoyle growth]
 21475 | Orc:2    | Reached XP level 14. HP: 65/80 MP: 1/26
 21635 | Orc:2    | Gained mutation: You are frail. (-10% HP) [a neqoxec]
 21859 | Orc:2    | Found Hixt's Antique Armour Emporium.
 22023 | Orc:2    | Reached skill level 15 in Conjurations
 22185 | Orc:2    | Noticed an orc warlord
 22321 | Orc:2    | Noticed an orc warlord
 23155 | D:9      | Noticed Psyche
 23159 | D:9      | Killed Psyche
 23428 | D:9      | Noticed Pikel
 23457 | D:9      | Killed Pikel
 23481 | D:9      | Noticed Joseph
 23486 | D:9      | Killed Joseph
 25306 | D:15     | Entered Level 15 of the Dungeon
 25306 | D:15     | Noticed Agnes
 25314 | D:14     | Killed Agnes
 25584 | D:15     | Noticed Urug
 25595 | D:14     | Killed Urug
 26201 | D:15     | Reached skill level 16 in Conjurations
 26406 | D:15     | Found a staircase to the Depths.
 26536 | D:15     | Found a glowing golden altar of the Shining One.
 26976 | D:15     | Reached skill level 10 in Spellcasting
 26976 | D:15     | Reached XP level 15. HP: 75/75 MP: 12/29
 27291 | Depths:1 | Entered Level 1 of the Depths
 27675 | Orc:1    | Killed an orc warlord
 27825 | Orc:2    | Killed an orc warlord
 28171 | Orc:2    | Found Uproiw's Book Boutique.
 28203 | Orc:2    | Bought a pair of polished boots for 361 gold pieces
 28228 | Orc:2    | Identified the cursed -4 pair of boots of the First Tales {*Corrode Dex+5} (You bought it in a shop on level 2 of the Orcish Mines)
 28287 | Orc:2    | Found Mocvudet's Antique Weapon Shoppe.
 28299 | Orc:2    | Found Uthas's General Store.
 28307 | Orc:2    | Bought a scroll of enchant armour for 105 gold pieces
 29129 | D:3      | Identified Sif Muna's Incunabulum of Flight
 29405 | Orc:2    | Noticed an orc warlord
 30199 | Orc:1    | Killed an orc warlord
 30542 | Orc:2    | Found a staircase to the Elven Halls.
 30951 | Elf:1    | Entered Level 1 of the Elven Halls
 31207 | Orc:2    | Learned a level 8 spell: Ignition
 31219 | Elf:1    | Reached skill level 17 in Conjurations
 31683 | Lair:1   | Entered Level 1 of the Lair of Beasts
 32224 | Lair:1   | Noticed Gastronok
 32245 | Lair:1   | Killed Gastronok
 32339 | Lair:1   | Identified a scroll of acquirement
 32342 | Lair:1   | Got an ancient jade ring
 32415 | Lair:1   | Identified the ring "Sekis" {rF+ rC+ MP+9} (You acquired it on level 1 of the Lair of Beasts)
 33075 | Depths:1 | Noticed a fire giant
 33753 | Elf:1    | Found Ruirurop's Assorted Antiques.
 33756 | Elf:1    | Bought a murky orange potion for 36 gold pieces
 33756 | Elf:1    | Bought a scroll labeled GOPOET UKIENN for 41 gold pieces
 33791 | Elf:1    | Found a radiant altar of Vehumet.
 34067 | Elf:1    | Reached XP level 16. HP: 12/79 MP: 26/31
 34432 | Elf:1    | Identified Tyhamuod's Handbook of Evil Magic
 35788 | Elf:2    | Found a runed door.
 35994 | Elf:2    | Found a runed gate.
 35994 | Elf:2    | Found a runed gate.
 35994 | Elf:2    | Found a runed gate.
 36090 | Elf:2    | Found Raetanto's Armour Shop.
 36167 | Elf:2    | Noticed Otaeps's ghost (veteran MiGl)
 37111 | Elf:2    | Found a roughly hewn altar of Beogh.
 37429 | Elf:3    | Entered Level 3 of the Elven Halls
 37493 | Elf:3    | Found a huge runed gate.
 37493 | Elf:3    | Found a huge runed gate.
 37493 | Elf:3    | Found a huge runed gate.
 37493 | Elf:3    | Found a huge runed gate.
 37493 | Elf:3    | Found a huge runed gate.
 37493 | Elf:3    | Found a huge runed gate.
 37654 | Elf:3    | Found an ancient bone altar of Kikubaaqudgha.
 38098 | Elf:3    | Noticed Louise
 38103 | Elf:3    | Killed Louise
 38606 | Elf:3    | Noticed a deep elf master archer
 38614 | Elf:3    | Shot with an arrow by a deep elf master archer

Vault maps used:
D:1:      evilmike_arrival_crescent
D:2:      cheibrodos_greedy_goblins, first_ration
D:3:      led_sif_book
D:4:      uniq_grinder
D:5:      grunt_temple_overflow_diamond, serial_shops, kennysheep_mini
D:6:      minmay_temple_entry_statues_fountains, serial_shops, shop,
          kennysheep_decorative_pillar
D:7:      uniq_prince_ribbit1
D:8:      gammafunk_ghost_necromancy, kennysheep_doodads
D:9:      dpeg_lair_monsters, uniq_psyche, uniq_joseph, uniq_pikel
D:10:     nicolae_trove_entry_path_of_doom
D:11:     minmay_the_grid_octo_tiled_squarecenter_mashed,
          hangedman_pestilent_swarm
D:12:     kennysheep_orc_monster_closet_entryway, basic_altar
D:13:     lightli_vaults_fourway_checkpoint, serial_shops,
          nicolae_shop_waterfront, nooodl_food_tri, uniq_frances
D:14:     minivault_4
D:15:     hangedman_depths_entry_civil_slaughter, minmay_crystal_room,
          basic_altar, uniq_urug, uniq_agnes
Temple:   regret_index_temple_mists
Lair:1:   grunt_megastairs_1, uniq_gastronok
Orc:1:    serial_shops, nicolae_shop_stone, nicolae_shop_statue_plus,
          shop_coins, shop, shop_fountains, nicolae_volcano_entry_two_sided,
          elves_outpost_lemuel, uniq_fannar, uniq_snorg, uniq_josephine,
          uniq_nergalle
Orc:2:    grunt_orc_gardens, grunt_orc_garden, grunt_orc_garden,
          grunt_orc_garden, grunt_orc_garden, elf_legates
Elf:1:    serial_shops, nicolae_shop_statue_plus, basic_altar,
          minmay_elf_necromancy
Elf:2:    serial_shops, shop, special_room, ebering_ghost_inner_flame,
          uniq_jorgrun, uniq_nikola
Elf:3:    grunt_elf_hall_diamonds, basic_altar, not_door_vault_mu, uniq_louise
Depths:1: enter_ziggurat_a, minmay_misc_feat_doors, grunt_hell_entry_dis_grunt,
          brannock_guarded_unrand_thermic_engine

Skill      XL: |  1  2  3  4  5  6  7  8  9 10 11 12 13 14 15 16 |
---------------+-------------------------------------------------+-----
Conjurations   | 2 3 4 5 8 9 11 13 14 16 17 | 17.2
Spellcasting   | 3 4 5 6 7 8 10 11 13 | 13.1
Fire Magic     | 4 5 6 7 9 10 11 12 14 | 14.0
Fighting       | 1 2 4 6 |  6.0
Dodging        | 2 4 5 6 7 9 |  9.3
Invocations    | 4 6 8 9 |  9.0
Hexes          | 2 4 |  4.6
Stealth        | |  2.1

Action                   |  1- 3 |  4- 6 |  7- 9 | 10-12 | 13-15 | 16-18 || total
-------------------------+-------+-------+-------+-------+-------+-------++-------
Melee: Unarmed           |     7 |       |       |       |       |       ||     7
       Short sword       |     2 |       |       |       |       |       ||     2
       Dagger            |     6 |       |    57 |    43 |       |       ||   106
       War axe           |       |    15 |    55 |       |       |       ||    70
       Falchion          |       |       |    11 |       |   152 |    55 ||   218
       Hand axe          |       |       |       |    89 |    55 |       ||   144
       Staff             |       |       |       |     1 |       |       ||     1
 Cast: Flame Tongue      |    49 |    70 |   218 |   228 |   171 |    29 ||   765
       Throw Flame       |       |     9 |    13 |    95 |    74 |    18 ||   209
       Conjure Flame     |       |     1 |     8 |    28 |    16 |    15 ||    68
       Sticky Flame      |       |       |     8 |    65 |   103 |    13 ||   189
       Fireball          |       |       |       |    20 |   223 |   111 ||   354
       Inner Flame       |       |       |       |     3 |       |       ||     3
       Fulminant Prism   |       |       |       |     2 |    19 |    21 ||    42
       Dazzling Spray    |       |       |       |     2 |    18 |    11 ||    31
Invok: Divine Shield     |       |       |       |     2 |    13 |     8 ||    23
       Cleansing Flame   |       |       |       |       |     2 |     2 ||     4
       Summon Divine War |       |       |       |       |     1 |     2 ||     3
 Abil: Fly               |       |       |       |       |     1 |       ||     1
Evoke: Wand              |       |       |       |    15 |    14 |    12 ||    41
  Use: Scroll            |       |     6 |     8 |     9 |    14 |     3 ||    40
 Stab: Sleeping          |     1 |       |       |       |       |       ||     1
  Eat: Chunk             |     2 |     3 |    18 |    20 |    61 |    13 ||   117
       Ration            |       |     1 |       |     6 |    10 |     3 ||    20
Armor: Robe              |    14 |    30 |   113 |   116 |   281 |    69 ||   623
Dodge: Dodged            |    42 |    42 |   167 |   223 |   445 |    72 ||   991
Block: Other             |       |       |       |     2 |    54 |    10 ||    66
       Rpst.: Falchion   |       |       |    11 |       |    72 |    17 ||   100

Table legend:
 A = Spawn XP
 B = Non-spawn XP
 C = Spawn XP percentage of total XP
 D = Spawn monster count
 E = Non-spawn monster count
 F = Spawn count percentage of total count
 G = Total turns spent on level
                    A         B        C        D         E        F      G
               +---------+---------+-------+---------+---------+-------+---------
         Total |       0 |  178596 |   0.0 |       0 |     729 |   0.0 | 38614
               +---------+---------+-------+---------+---------+-------+---------
           D:1 |       0 |      86 |   0.0 |       0 |      27 |   0.0 |  1569
           D:2 |       0 |      98 |   0.0 |       0 |      22 |   0.0 |   719
           D:3 |       0 |     243 |   0.0 |       0 |      13 |   0.0 |   700
           D:4 |       0 |     795 |   0.0 |       0 |      18 |   0.0 |  1545
           D:5 |       0 |     483 |   0.0 |       0 |      19 |   0.0 |  1004
           D:6 |       0 |     550 |   0.0 |       0 |      21 |   0.0 |  1018
           D:7 |       0 |    1380 |   0.0 |       0 |      27 |   0.0 |  1375
           D:8 |       0 |    1642 |   0.0 |       0 |      27 |   0.0 |  1740
           D:9 |       0 |    4682 |   0.0 |       0 |      29 |   0.0 |  1235
          D:10 |       0 |    5209 |   0.0 |       0 |      45 |   0.0 |  3904
          D:11 |       0 |   11523 |   0.0 |       0 |      66 |   0.0 |  2449
          D:12 |       0 |    4151 |   0.0 |       0 |      43 |   0.0 |  3139
          D:13 |       0 |   15089 |   0.0 |       0 |      43 |   0.0 |  2002
          D:14 |       0 |    5651 |   0.0 |       0 |      21 |   0.0 |  1643
          D:15 |       0 |   20008 |   0.0 |       0 |      34 |   0.0 |  1732
        Lair:1 |       0 |    6014 |   0.0 |       0 |      24 |   0.0 |  1255
         Orc:1 |       0 |   18268 |   0.0 |       0 |      51 |   0.0 |  3702
         Orc:2 |       0 |   21093 |   0.0 |       0 |      82 |   0.0 |  2091
         Elf:1 |       0 |   20102 |   0.0 |       0 |      37 |   0.0 |  2746
         Elf:2 |       0 |   29160 |   0.0 |       0 |      65 |   0.0 |  1717
         Elf:3 |       0 |   12369 |   0.0 |       0 |      15 |   0.0 |  1095
               +---------+---------+-------+---------+---------+-------+---------
